[Event "*** Titled Tuesday Blitz AM"]
[Site "Chess.com"]
[Date "2020.01.07"]
[Round "2"]
[White "DanielNaroditsky"]
[Black "Vuk2000"]
[Result "1-0"]
[WhiteElo "3092"]
[BlackElo "2694"]
[TimeControl "180+2"]
[EndTime "9:25:25 PST"]
[Termination "DanielNaroditsky won by resignation"]

1. d4 Nf6 2. Nc3 d5 3. Bf4 e6 4. Nb5 Na6 5. e3 c6 6. Nc3 Nc7 7. Bd3 Bd6 8. Bg3 O-O 9. Nf3 b6 10. e4 Bb4 11. e5 Ne4 12. O-O Bxc3 13. bxc3 Ba6 14. Bxa6 Nxa6 15. Qd3 Nc7 16. Nd2 Nxd2 17. Qxd2 c5 18. f4 Qd7 19. Rf3 f5 20. exf6 Rxf6 21. Re1 Raf8 22. Rfe3 Nb5 23. dxc5 bxc5 24. c4 Nd4 25. c3 Nf5 26. Re5 Nd6 27. Qe2 Nxc4 28. Rxe6 Rxe6 29. Qxe6+ Qxe6 30. Rxe6 Nb6 31. Bf2 Rc8 32.
Kf1 Na4 33. Be1 Rc7 34. f5 Kf7 35. g4 g6 36. Rd6 Nb6 37. Bg3 Re7 38. Kf2 Re4 39.
Rc6 Rxg4 40. fxg6+ hxg6 41. Rc7+ Ke6 42. Rxa7 Ra4 43.
Rc7 Rxa2+ 44. Kf3 Na4 45. Rc6+ Kf7 46. Be5 Ra3 47. Kf4 c4 48. Rf6+ Ke7 49. Rxg6 Ra2 50.
h4 Re2 51. h5 Rh2 52. h6 Kf7 53. Rg7+ Ke6 54. Rg6+ Kf7 55. Rg7+ Ke6 56. h7 Nc5 57. Rg6+ Kf7 58. Rg7+ Ke6 59. Bd4 Nb3 60. Rg6+ Kf7 61. Rg7+ Ke6 62. Kg3 Rh6 63. Be3 Rh1 64. Kg2 Rh5 65.
Rg6+ Kf7 66. Rh6 1-0

[Event "*** Titled Tuesday Blitz AM"]
[Site "Chess.com"]
[Date "2020.01.07"]
[Round "2"]
[White "Rap_woyska"]
[Black "AleksibFan"]
[Result "0-1"]
[WhiteElo "2348"]
[BlackElo "2604"]
[TimeControl "180+2"]
[EndTime "9:25:29 PST"]
[Termination "AleksibFan won by resignation"]

1. Nf3 d5 2. g3 Nf6 3. Bg2 Bg4 4. O-O e6 5. b3 c6 6. Bb2 Nbd7 7. d3 Bd6 8. Nbd2 O-O 9. e4 e5 10. exd5 cxd5 11.
Re1 Re8 12. h3 Bxf3 13. Qxf3 Qa5 14. Qe2 Bb4 15. Red1 Bc3 16. Bxc3 Qxc3 17. Nf3 Rac8 18. Rac1 Qb2 19. a4 d4 20. Nd2 Rxc2 21. Rxc2 Qxc2 22. Bxb7 Nc5 23. Bf3 Qxd3 24. Qe1 Qc3 25. Rc1 Nd3 26.
Rxc3 Nxe1 27. Rc1 Nxf3+ 28. Nxf3 d3 29. Kf1 e4 30. Nd4 Kf8 31. Rc4 Rd8 32. Ke1 Nd5 33. Kd2 g6 34. a5 f5 35. Nb5 Rd7 36. a6 Ke7 37. Nc3 Nxc3 38. Rxc3 Kd6 39. Rc4 Rc7 40. Rd4+ Kc5 41. Ke3 Kb6 42. Rd6+ Kb5 43. g4 Rf7 44. gxf5 gxf5 45. f3 Re7 46. fxe4 fxe4 47. h4 Ka5 48. h5 Kb5 49. h6 Ka5 50. Rf6 Rd7 51. Rf1 Kxa6 52. Kxe4 d2 53. Rd1 Kb5 54. Ke3 Kb4 55. Rxd2 Rxd2 56. Kxd2 Kxb3 57. Kc1 Kc4 58. Kb2 Kd5 59.
Ka3 Ke5 60. Ka4 Kf5 61. Ka5 Kg5 62. Ka6 Kxh6 63. Kxa7 Kg5 64. Kb6 h5 65. Kc5 h4 66.
Kd4 h3 67. Ke3 h2 0-1

[Event "*** Titled Tuesday Blitz AM"]
[Site "Chess.com"]
[Date "2020.01.07"]
[Round "2"]
[White "alex_zapata"]
[Black "Vugar_Manafov"]
[Result "0-1"]
[WhiteElo "2299"]
[BlackElo "2528"]
[TimeControl "180+2"]
[EndTime "9:25:34 PST"]
[Termination "Vugar_Manafov won by resignation"]

1. e4 Nf6 2. e5 Nd5 3. d4 d6 4.
f4 dxe5 5. fxe5 Bf5 6. a3 e6 7. Nf3 c5 8. c3 cxd4 9. cxd4 Nc6 10.
Nc3 Be7 11. Bd3 Bxd3 12. Qxd3 O-O 13. O-O Rc8 14. Bd2 Na5 15. Rac1 Nb3 16. Rc2 Nxd2 17. Nxd2 Qd7 18. Rfc1 Nxc3 19. Rxc3 Rxc3 20. Rxc3 Rd8 21.
Nf3 a6 22. Qc2 Qd5 23. Rc7 Bf8 24. h3 h6 25. Kh2 Rd7 26. Rc8 Rd8 27. Rc7 a5 28.
Qc3 g6 29. Qc2 Rd7 30. Rc8 Rd8 31. Rc7 b5 32. Qd2 b4 33. axb4 axb4 34. Qc2 Rd7 35. Rc8 Rd8 36. Rc7 Kg7 37. Qd2 Rd7 38. Rc8 Be7 39. Qc2 Qb7 40. Qc6 Qxc6 41. Rxc6 g5 42. Kg3 Kg6 43. Kf2 Kf5 44. Ke3 h5 45. Rc1 g4 46. hxg4+ hxg4 47. Nd2 Bg5+ 48. Kd3 Bxd2 49.
Rf1+ Kg6 50. Kxd2 Rxd4+ 51. Ke3 Rc4 52. Rf6+ Kg5 53. Rxf7 Rc2 54. Rf6 Rxg2 55. Rxe6 Rxb2 56. Re8 Rb3+ 57. Kf2 Rf3+ 58. Kg2 Re3 59. e6 Re4 60. e7 Kf6 61. Rb8 Kxe7 62. Rb6 Kd7 63. Kg3 Kc7 64. Rb5 Kc6 65. Rb8 Kc5 66. Kh4 Kc4 67. Kg3 b3 68. Rc8+ Kd3 69. Rb8 0-1

[Event "*** Titled Tuesday Blitz AM"]
[Site "Chess.com"]
[Date "2020.01.07"]
[Round "2"]
[White "AquivaRubinstein"]
[Black "Shivagami"]
[Result "0-1"]
[WhiteElo "2436"]
[BlackElo "2146"]
[TimeControl "180+2"]
[EndTime "9:25:34 PST"]
[Termination "Shivagami won on time"]

1. d4 Nf6 2. c4 c5 3. d5 e6 4. Nc3 exd5 5. cxd5 d6 6. Nf3 g6 7. Nd2 Bg7 8. e4 O-O 9. Be2 a6 10. a4 Nbd7 11. O-O Rb8 12. Nc4 Nb6 13. Na3 Qe7 14. a5 Nbd7 15. f3 b5 16. axb6 Nxb6 17. Rb1 Nfd7 18. Qc2 f5 19. Be3 f4 20. Bf2 Ne5 21.
b4 Qg5 22. Kh1 c4 23. Na4 Nxa4 24. Qxa4 Bd7 25. Qc2 Bb5 26. Bd4 Rfc8 27. Qc3 Qh6 28. Nc2 g5 29. Rg1 Rc7 30. g3 Ng6 31. Bxg7 Rxg7 32.
Nd4 fxg3 33. Rxg3 Nh4 34. Ne6 Rf7 35. Rbg1 Qf6 36. Rxg5+ Kh8 37. Qxf6+ Rxf6 38. f4 c3 39.
Bxb5 axb5 40. e5 dxe5 41. fxe5 Rf7 42. d6 Nf3 43. Rg7 Rxg7 44. Rxg7 Rc8 45. Rc7 Rg8 46. Ng7 Rxg7 47. Rxg7 Kxg7 48. d7 c2 49. d8=Q c1=Q+ 50. Kg2 Ne1+ 51. Kf2 Qf4+ 52. Kxe1 Qxb4+ 53. Kf2 Qf4+ 54. Kg2 Qxe5 55. Qd7+ Kh6 56. Qh3+ Kg6 57.
Qd3+ Qf5 58. Qd6+ Kh5 0-1

[Event "*** Titled Tuesday Blitz AM"]
[Site "Chess.com"]
[Date "2020.01.07"]
[Round "2"]
[White "petrpalachev"]
[Black "GianmarcoVaR"]
[Result "1/2-1/2"]
[WhiteElo "2821"]
[BlackElo "2581"]
[TimeControl "180+2"]
[EndTime "9:25:41 PST"]
[Termination "Game drawn by repetition"]

1. d4 Nf6 2. c4 e6 3. Nf3 b6 4. g3 Bb7 5. Bg2 Be7 6. O-O O-O 7. Re1 c5 8. d5 exd5 9. Nh4 Ne4 10. cxd5 Bxh4 11. Bxe4 Bf6 12. Qc2 h6 13. Nc3 d6 14.
Bf4 Qe7 15. Bg2 Nd7 16. e4 Ne5 17. Rad1 a6 18. a4 Bc8 19. h3 Bd7 20. Bc1 c4 21. Re2 b5 22. axb5 axb5 23. Nb1 b4 24. Be3 Ba4 25.
Qd2 Bxd1 26. Qxd1 Ra1 27. Kh2 b3 28. Rd2 c3 29. bxc3 Nc4 30. Qxb3 Nxe3 31. fxe3 Qa7 32.
Rb2 Qxe3 33. Qb6 Qe1 34. Qxd6 Rxb1 35. Rxb1 Qxb1 36. e5 Bg5 37. h4 Be3 38. e6 Qb6 39. Qxb6 Bxb6 40. e7 Rb8 41. d6 Bc5 42. Bc6 Bxd6 43.
e8=Q+ Rxe8 44. Bxe8 Kf8 45. Bd7 Ke7 46. Bc6 f5 47. h5 Kf6 48. Kg2 Kg5 49. Bf3 Bc5 50. Kf1 Kf6 51. Ke2 Ke5 52. Kd3 Bf2 53. g4 Kf4 54. Ke2 fxg4 55. Kxf2 gxf3 56. c4 Ke4 57. c5 Kd5 58. Kxf3 Kxc5 59. Kf4 Kd6 60. Kf5 Ke7 61. Ke5 Kf7 62. Kf5 Kf8 63. Kf4 Kg8 64. Ke4 Kf8 65. Kf4 Ke8 66. Ke4 Kd7 67. Kd5 Ke7 68.
Ke5 Kf8 69. Kf4 1/2-1/2

[Event "*** Titled Tuesday Blitz AM"]
[Site "Chess.com"]
[Date "2020.01.07"]
[Round "2"]
[White "Orest_Vovk"]
[Black "HarryCun"]
[Result "1/2-1/2"]
[WhiteElo "2418"]
[BlackElo "2055"]
[TimeControl "180+2"]
[EndTime "9:25:52 PST"]
[Termination "Game drawn by repetition"]

1. d4 Nf6 2. Bf4 e6 3. e3 b6 4. Nf3 Bb7 5. Nbd2 Be7 6. Bd3 O-O 7. O-O d6 8. c3 Nbd7 9. e4 c5 10. Qe2 Rc8 11. a4 d5 12. e5 Nh5 13. Be3 g6 14. Bh6 Re8 15. Ne1 Bf8 16. Bxf8 Rxf8 17. g3 Ng7 18. f4 cxd4 19. cxd4 h5 20. Nef3 Nb8 21. b4 Nc6 22. Rab1 Qe7 23. b5 Nb4 24. Rfc1 Nxd3 25. Qxd3 Nf5 26. Nf1 Rc7 27. Ne3 Rfc8 28. Rxc7 Qxc7 29.
Nxf5 exf5 30. e6 fxe6 31. Qe3 Qc2 32. Qxe6+ Kg7 33. Rf1 Qe4 34. Qd7+ Kh6 35. Ng5 Qxd4+ 36. Kg2 Qg7 37. Qd6 d4+ 38. Kh3 Rc2 39. Re1 Bg2+ 40.
Kh4 Be4 41. h3 d3 42. a5 d2 43. Rd1 bxa5 44. Rxd2 Rxd2 45. Qxd2 a4 46. Qa5 Bc2 47. Qa6 Bb3 48. Qd6 Bc2 49. Qb4 Bb3 50.
Qc5 Bd1 51. Qg1 Bb3 52. g4 fxg4 53. hxg4 Qe7 54. gxh5 gxh5 55. Qc1 Bd5 56. Qd2 a3 57. Qxd5 Qe1+ 58. Kh3 Qf1+ 59. Kg3 Qg1+ 60. Kh3 Qg4+ 61. Kh2 Qxf4+ 62. Kh1 Qxg5 63. Qd6+ Qg6 64. Qxa3 Qe4+ 65. Kh2 Qe5+ 66. Kh1 Qxb5 67. Qxa7 Kg5 68. Qe3+ Kh4 69. Qf4+ Kh3 70. Qf3+ Kh4 71. Qf4+ Kh3 72. Qf3+ Kh4 73.
Qf4+ 1/2-1/2

[Event "*** Titled Tuesday Blitz AM"]
[Site "Chess.com"]
[Date "2020.01.07"]
[Round "2"]
[White "zurzan"]
[Black "mortngabriel"]
[Result "1-0"]
[WhiteElo "1965"]
[BlackElo "2385"]
[TimeControl "180+2"]
[EndTime "9:25:54 PST"]
[Termination "zurzan won by resignation"]

1. f4 d5 2. Nf3 g6 3. g3 Bg7 4. Bg2 c5 5. O-O Nc6 6. d3 Nf6 7. Qe1 d4 8. c4 O-O 9. Na3 Re8 10. e4 dxe3 11. Bxe3 Ng4 12. Bxc5 Bxb2 13. Rb1 b6 14.
Rxb2 bxc5 15. h3 Qxd3 16. Nb5 Ne3 17. Rb3 Nxg2 18. Rxd3 Nxe1 19. Rxe1 Bf5 20. Ra3 Red8 21. g4 Bd3 22. Rc1 f6 23. Kf2 Kf7 24. Nc7 Rac8 25. Nd5 Bxc4 26. Nxe7 Kxe7 27. Rxc4 Rd5 28. Re4+ Kd6 29.
Ra6 Rb8 30. Re2 Rb6 31. Ra3 Nd4 32. Nxd4 cxd4 33. Rxa7 d3 34. Rd2 Rc6 35. Ke3 Rc3 36. Ra8 Ke7 37. Ra7+ Ke6 38. Rxh7 g5 39. f5+ Ke5 40.
Re7+ Kd6 41. Re6+ Kc5 42. Rxf6 Rc1 43. Rxd3 Re5+ 44. Kd2 Ree1 45. Rc3+ Rxc3 46. Kxc3 Re3+ 47. Kd2 Rxh3 48. Rg6 Kd4 49. Rxg5 Rh2+ 50. Kc1 Kc3 51. Rh5 Rg2 52. Rh3+ Kb4 53. Rb3+ Kc4 54. f6 Rxg4 55. Rf3 Rg8 56. f7 Rf8 57. Kb2 Kb4 58. a3+ Ka4 59.
Rf4+ Kb5 60. Kb3 Ka5 61. Rf5+ Kb6 62. Kb4 Kc6 63. Rf6+ Kb7 64. Kb5 Ka7 65. a4 Kb7 66. a5 Kc7 67. a6 Rb8+ 68. Ka5 Rf8 69. Rb6 Rh8 70. a7 Ra8 71. Ka6 Rh8 72. Rb7+ Kc6 73. Rb8 Rh3 74. a8=Q+ Kc7 75. Qb7+ 1-0

[Event "*** Titled Tuesday Blitz AM"]
[Site "Chess.com"]
[Date "2020.01.07"]
[Round "2"]
[White "Atakishiyev04"]
[Black "Duhless"]
[Result "0-1"]
[WhiteElo "2695"]
[BlackElo "3098"]
[TimeControl "180+2"]
[EndTime "9:26:00 PST"]
[Termination "Duhless won by resignation"]

1. d4 Nf6 2. c4 e6 3. Nc3 Bb4 4. e3 d5 5. a3 Be7 6. Nf3 O-O 7. Bd3 Nbd7 8. c5 c6 9. b4 Qc7 10. O-O e5 11. e4 exd4 12. Nxd4 dxe4 13. Nxe4 Nxe4 14.
Bxe4 Nf6 15. Bf3 Rd8 16. Bb2 Bf8 17. Qe2 Re8 18. Qc4 Bg4 19. Qc3 Rad8 20. Rad1 Qf4 21. Bc1 Qe5 22. Bb2 Nd5 23. Qc2 Qh5 24. Qa4 Nf4 25. Qb3 g6 26. h3 Bxf3 27. Nxf3 Bg7 28. Bxg7 Kxg7 29. Qc3+ f6 30. Rxd8 Rxd8 31. Qe3 Nd5 32.
Qe6 g5 33. Nd4 Qe8 34. Qg4 h5 35. Qf3 Nf4 36. Nf5+ Kg6 37. Nd6 Qe2 38. Qb3 Nd5 39. Rc1 Rd7 40. b5 Re7 41. Qb1+ Kg7 42. Nf5+ Kg8 43. Nxe7+ Nxe7 44. Qb3+ Nd5 45. bxc6 bxc6 46. Qb8+ Kf7 47. Qb7+ Kg6 48. Qxc6 Nf4 49. Qf3 Kf7 50.
Qb3+ Kg7 51. Qc4 Qd2 52. c6 Ne2+ 53. Kh2 Nxc1 54. c7 Qd6+ 55. Kh1 Qd1+ 56. Kh2 Ne2 57. Qxe2 Qxe2 58. c8=Q Qxf2 59. Qd7+ Kh6 60. Qe7 Qf4+ 61. Kh1 Qc1+ 62. Kh2 Qf4+ 63. Kh1 Qd4 64. Qf8+ Kg6 65. Qe8+ Kf5 66. Qxh5 Qa1+ 67. Kh2 Qxa3 68. Qh7+ Ke5 69. Qc7+ Ke6 70. Qc6+ Qd6+ 71. Qxd6+ Kxd6 72. g3 a5 73. h4 gxh4 74. gxh4 Ke6 75. h5 Kf7 76. Kg2 a4 77.
Kf2 a3 0-1

[Event "*** Titled Tuesday Blitz AM"]
[Site "Chess.com"]
[Date "2020.01.07"]
[Round "2"]
[White "MathiasWomacka"]
[Black "Tayson_7"]
[Result "1-0"]
[WhiteElo "2355"]
[BlackElo "2567"]
[TimeControl "180+2"]
[EndTime "9:26:17 PST"]
[Termination "MathiasWomacka won by resignation"]

1. e4 e5 2. Nf3 Nc6 3. Bc4 Nf6 4. d3 Bc5 5. O-O a6 6. c3 Ba7 7. Bb3 d6 8. Nbd2 h6 9. Re1 O-O 10. Nf1 Be6 11. Be3 Re8 12. Bxa7 Rxa7 13. Ng3 Qd7 14. d4 Bg4 15. h3 Bxf3 16. Qxf3 exd4 17. Nf5 Ne5 18.
Qg3 Nh5 19. Qh4 Nf6 20. Nxh6+ Kf8 21. cxd4 Ng6 22. Qg5 d5 23. e5 Nh7 24. Qf5 Qxf5 25.
Nxf5 c6 26. h4 Nf4 27. g3 Ne6 28. Rad1 a5 29. a4 Rd8 30. f4 Ra6 31. Bc2 Rb6 32. b3 Rb4 33. h5 g6 34. hxg6 fxg6 35. Nh4 Nxd4 36. Bxg6 Kg8 37. e6 Nf6 38. e7 Rd6 39. e8=Q+ Nxe8 40. Rxe8+ Kg7 41. Bd3 Rxb3 42. Kf2 Re6 43.
Rxe6 Nxe6 44. Ke3 c5 45. Rb1 Ra3 46. Rxb7+ Kf6 47. Kd2 c4 48. Bf5 Nc5 49. Rb6+ Kf7 50. g4 d4 51. g5 Ra2+ 52. Kc1 Nb3+ 53. Kb1 Rh2 54. Rb7+ Ke8 55. g6 Rxh4 56. g7 Rh1+ 57. Kb2 Rh2+ 58. Ka3 Rg2 59. Be6 d3 60. g8=Q+ Rxg8 61. Bxg8 d2 62. Bf7+ Kd8 63. Bh5 Nc5 64. Rb5 Ne4 65.
Rd5+ Kc7 66. Rd4 c3 67. Rxe4 c2 68. Rc4+ 1-0

[Event "*** Titled Tuesday Blitz AM"]
[Site "Chess.com"]
[Date "2020.01.07"]
[Round "2"]
[White "allvim"]
[Black "FMAntonio"]
[Result "0-1"]
[WhiteElo "2303"]
[BlackElo "2531"]
[TimeControl "180+2"]
[EndTime "9:26:20 PST"]
[Termination "FMAntonio won by resignation"]

1. e4 e5 2. Nf3 Nf6 3. Nc3 Nc6 4. Bb5 Bd6 5. O-O O-O 6. Bxc6 dxc6 7. h3 Re8 8. Re1 h6 9. d4 exd4 10. Nxd4 Bb4 11.
e5 Nd5 12. Bd2 Bxc3 13. Bxc3 Nxc3 14. bxc3 Qd5 15. Nf3 Be6 16. Qe2 Qc4 17. Qe3 Bd5 18. Rab1 b6 19. Rb4 Qxa2 20. Rg4 Bxf3 21. Qxf3 Qe6 22. Qg3 g6 23. Re3 Kg7 24. h4 Qf5 25.
Rf4 Qxc2 26. Ref3 Re7 27. Rf6 h5 28. Qf4 Rf8 29. e6 Qd1+ 30. Kh2 Qd6 31. Qxd6 cxd6 32.
exf7 Rfxf7 33. Rxd6 Rxf3 34. gxf3 Rc7 35. Kg3 b5 36.
Kf4 a5 37. Kg5 a4 38. Rxg6+ Kf7 39. Rh6 Kf8 40. Kf6 Kg8 41. Rxh5 a3 42. Rg5+ Kf8 43. Rg1 c5 44. h5 Rc6+ 45. Ke5 b4 46. Kd5 Rc8 47. h6 Kf7 48. h7 b3 49. Kc4 b2 50.
Kb3 Rb8+ 51. Ka2 c4 52. h8=Q Rxh8 53. Kxa3 Rb8 54. Rb1 Rb3+ 55. Ka2 Rxc3 56. Rxb2 Rxf3 57. Rc2 Rf4 58. Kb2 Ke6 59. Kc3 Kd5 60. Rd2+ Kc5 61. Re2 Rf3+ 62. Kc2 Kb4 63. Rd2 Ra3 64. Rd8 Ra2+ 65.
Kc1 Kc3 66. Kb1 Rb2+ 67. Kc1 Rxf2 68. Kd1 Rf1+ 69. Ke2 Rh1 70. Rb8 Kc2 71. Ke3 c3 72. Ra8 Re1+ 73. Kf2 Re7 74. Rb8 Kc1 75. Rb6 c2 76.
Rb8 Re5 77. Rd8 Rb5 78. Ke2 Kb1 0-1

[Event "*** Titled Tuesday Blitz AM"]
[Site "Chess.com"]
[Date "2020.01.07"]
[Round "2"]
[White "Hydrargyrum_Girl"]
[Black "2nd_life"]
[Result "0-1"]
[WhiteElo "2211"]
[BlackElo "2489"]
[TimeControl "180+2"]
[EndTime "9:26:23 PST"]
[Termination "2nd_life won on time"]

1. d4 Nf6 2. Nc3 d5 3. Bg5 e6 4. e4 Bb4 5. e5 h6 6. Bd2 Bxc3 7. Bxc3 Ne4 8. Bb4 c5 9. Bxc5 Nxc5 10. dxc5 Qa5+ 11. c3 Qxc5 12. Qd4 b6 13. Nf3 O-O 14. Bd3 Ba6 15. Bxa6 Nxa6 16. O-O Rfc8 17. Rac1 Qb5 18. b3 Rc7 19. Rc2 Rac8 20. Rfc1 Qa5 21. h3 Qa3 22. Qe3 Nc5 23. Nd4 Qa6 24. f3 Nd3 25. Rd1 Nb4 26.
Rcc1 Nxa2 27. Ra1 Rxc3 28. Qd2 Qa5 29. Rxa2 Qc5 30. Kh2 a5 31. Rda1 Qc7 32. Rd1 Qxe5+ 33. f4 Qe4 34. Re1 Qd3 35. Qxd3 Rxd3 36. Nf3 Rxb3 37.
Ne5 Rbc3 38. Ree2 Rb3 39. Reb2 Rxb2 40. Rxb2 Ra8 41. Rxb6 a4 42. Rb2 a3 43. Ra2 Kf8 44. Kg3 Ke7 45. Kf3 f6 46. Nd3 Kd6 47. Ke3 e5 48.
fxe5+ fxe5 49. Nc1 Kc5 50. Kd3 e4+ 51. Kc3 d4+ 52. Kb3 d3 53. Kc3 Kd5 54. Kd2 Kd4 55. Nb3+ Kc4 56. Nc1 g5 57. g4 Kd4 58. Nb3+ Kc4 59.
Nc1 Kd5 60. Ke3 Ke5 61. Nb3 Kd5 62. Nd2 Ra4 63. Nb3 Kc4 64. Nd2+ Kc3 65. Ra1 a2 66.
Nxe4+ Kb2 67. Rd1 a1=Q 68. Rxa1 Rxa1 69. Kxd3 Ra3+ 70. Kd4 Rxh3 71. Ke5 Kc2 72. Kf5 Rh1 73. Kg6 Rh4 74. Kf5 Kd3 0-1

[Event "*** Titled Tuesday Blitz AM"]
[Site "Chess.com"]
[Date "2020.01.07"]
[Round "2"]
[White "Feegus"]
[Black "garfield_pg"]
[Result "0-1"]
[WhiteElo "2557"]
[BlackElo "2351"]
[TimeControl "180+2"]
[EndTime "9:26:36 PST"]
[Termination "garfield_pg won by resignation"]

1. Nf3 Nf6 2. g3 g6 3. Bg2 Bg7 4. O-O O-O 5. c4 c5 6. Nc3 Nc6 7. d4 cxd4 8. Nxd4 Nxd4 9. Qxd4 d6 10. Qd3 a6 11. e4 Rb8 12. a4 Bd7 13. a5 Qc7 14.
Be3 Be6 15. b3 Rfc8 16. Bb6 Qd7 17. Rfd1 Bg4 18. Rd2 Bh3 19. Bh1 Qe8 20. Re1 Nd7 21. Nd5 Be6 22. Nc7 Qf8 23. f4 Nc5 24. Bxc5 Rxc7 25.
Bb6 Rcc8 26. e5 dxe5 27. fxe5 h5 28. h4 Bf5 29. Qd5 Be6 30. Qe4 Bf5 31. Qd4 Bh6 32.
Rf2 Qg7 33. Bd5 e6 34. Bf3 Kh7 35. Qd7 f6 36. Qa4 fxe5 37. Rd1 Rf8 38. c5 e4 39. Rd7 Rf7 40. Rxf7 Qxf7 41. Bxe4 Be3 42. c6 Bxf2+ 43. Bxf2 Bxe4 44. Qxe4 bxc6 45. Qxc6 Rf8 46. Qc5 Qf3 47. b4 Rf7 48. b5 Qd1+ 49. Kh2 axb5 50. a6 Qe2 51.
Kg1 Qd1+ 52. Kh2 Qd2 53. Kg1 Qd5 54. Qe3 Qd1+ 55. Kh2 Qc2 56. Kg2 Qc6+ 57. Kh2 Qxa6 58. Be1 Qa2+ 59. Bd2 Kg8 60. Kh3 Qd5 61. Kh2 b4 62.
Bxb4 Qf5 63. Bd6 Qf2+ 64. Qxf2 Rxf2+ 65. Kg1 Rd2 66. Bf4 Rc2 67. Be3 Kf7 68. Bf2 Kf6 69.
Kg2 Kf5 70. Kf3 Rc3+ 71. Be3 e5 72. Kf2 Kg4 73. Bg5 e4 74. Bd8 Rxg3 75. Ke2 Rh3 76.
Kf2 Rxh4 77. Bxh4 Kxh4 78. Kg2 Kg4 79. Kf2 Kf4 80. Kg2 e3 81. Kh1 e2 0-1

[Event "*** Titled Tuesday Blitz AM"]
[Site "Chess.com"]
[Date "2020.01.07"]
[Round "2"]
[White "Lunaticx"]
[Black "Evgeny81"]
[Result "1-0"]
[WhiteElo "2851"]
[BlackElo "2566"]
[TimeControl "180+2"]
[EndTime "9:26:40 PST"]
[Termination "Lunaticx won by resignation"]

1. e4 e5 2. Nf3 Nc6 3. Bb5 a6 4. Ba4 Nf6 5. O-O Be7 6. Re1 b5 7. Bb3 d6 8. c3 O-O 9. h3 Na5 10.
Bc2 c5 11. d3 Qc7 12. Nbd2 Nc6 13. Nf1 Re8 14. Ng3 g6 15. Bg5 Nd7 16. Bh6 Nb6 17. d4 Bd7 18. d5 Nd8 19. Nh2 f6 20. b3 Nf7 21. Be3 Bf8 22. f4 exf4 23. Bxf4 Ne5 24.
Nf3 Bg7 25. Rf1 Rf8 26. Qd2 Rae8 27. Rf2 Bc8 28. Raf1 Nxf3+ 29. Rxf3 Nd7 30. R3f2 Ne5 31. Bh6 Bxh6 32. Qxh6 Qg7 33. Qd2 Bd7 34. Ne2 Rf7 35. Nf4 Qh6 36. Qd1 Qg5 37. Kh1 h5 38. Nd3 Kg7 39.
Rf4 Nxd3 40. Bxd3 Qe5 41. Qd2 g5 42. R4f2 Rh8 43. h4 gxh4 44. Rf4 Bg4 45. Be2 Qg5 46. Bxg4 hxg4 47. Qe2 Qe5 48. Qxg4+ Kf8 49. Qe6 Qxe6 50. dxe6 Rg7 51. Rxf6+ Ke7 52. Rf7+ Rxf7 53. exf7 Kf8 54.
Rf6 h3 55. Rxd6 Rh4 56. Rxa6 hxg2+ 57. Kxg2 Rxe4 58. Ra5 Re2+ 59. Kf3 Rc2 60. Ke4 Rxc3 61. Rxb5 Rc2 62. a4 c4 63. b4 Ra2 64. a5 c3 65.
Rc5 c2 66. Rc7 Rb2 67. Kd3 Rxb4 68. Kxc2 Ra4 69. Ra7 Kg7 70. Kb3 Ra1 71. Kb4 Rb1+ 72. Kc5 Rc1+ 73. Kb5 Rb1+ 74. Ka6 Ra1 75. Rb7 Kf8 76.
Kb6 Rb1+ 77. Ka7 Ra1 78. a6 Rf1 79. Rc7 Rb1 80. Rb7 Ra1 81. Kb6 Rb1+ 82. Kc7 Rc1+ 83. Kb8 Rd1 84. a7 Rd8+ 85. Kc7 1-0

[Event "*** Titled Tuesday Blitz AM"]
[Site "Chess.com"]
[Date "2020.01.07"]
[Round "2"]
[White "IwkooO"]
[Black "Gabrielian_Artur"]
[Result "1/2-1/2"]
[WhiteElo "2573"]
[BlackElo "2815"]
[TimeControl "180+2"]
[EndTime "9:27:24 PST"]
[Termination "Game drawn by repetition"]

1. e4 c5 2. Nf3 d6 3. d4 cxd4 4.
Nxd4 Nf6 5. Nc3 Nc6 6. Bc4 Qb6 7.
Nxc6 bxc6 8. O-O g6 9. Bb3 Bg7 10. Be3 Qc7 11. h3 O-O 12. Qd2 Rb8 13. Rfe1 Nd7 14.
Bd4 Ne5 15. f4 Nd7 16. Kh1 e5 17. fxe5 Nxe5 18. Rad1 Be6 19. Be3 Rfd8 20. Bg5 Rd7 21. Bh6 a5 22. Bxg7 Kxg7 23. Ne2 Bxb3 24. axb3 Rb4 25.
Nc3 Rb8 26. Rf1 f6 27. Rf2 Rf8 28. Rdf1 h5 29. Ne2 d5 30. Nf4 Qd6 31. exd5 cxd5 32. Qxa5 d4 33. Rd2 h4 34. Rxd4 Qe7 35. Nd5 Qe6 36.
c4 g5 37. Qc3 Rff7 38. Re4 Rxd5 39. cxd5 Qxd5 40. Rd4 Qb7 41. Rfd1 Rc7 42. Qb4 Qxb4 43. Rxb4 Rc2 44. Rb7+ Kg6 45. Rf1 Nd3 46. Kg1 Rxb2 47. Rb6 Nf4 48. Rf2 Rb1+ 49. Kh2 Nd5 50. Rd6 Nf4 51.
Rb6 Nd5 52. Rb5 Ne3 53. Re2 Nf1+ 54. Kg1 Ng3+ 55. Kf2 Nxe2 56. Kxe2 f5 57. Kf3 Rf1+ 58. Ke2 Rf4 59. Rb8 g4 60. hxg4 fxg4 61. Rg8+ Kf7 62.
Rh8 g3 63. Ke1 Rb4 64. Rh5 Kg6 65. Rh8 Kg5 66. Rg8+ Kf4 67. Rf8+ Ke3 68. Re8+ Kd3 69. Rh8 Re4+ 70. Kf1 Rf4+ 71. Ke1 Kc3 72. Ke2 Kxb3 73. Ke3 Rc4 74. Kf3 Kc3 75. Rh5 Kd2 76. Rd5+ Ke1 77. Ra5 Rc3+ 78. Kg4 Kf2 79. Ra2+ Kg1 80. Kh3 Rc1 81.
Kxh4 Kh2 82. Kg4 Rf1 83. Ra3 Rf8 84. Ra2 Rf2 85. Ra3 Rxg2 86. Kh4 Rg1 87. Rf3 Rg2 88. Ra3 Rg1 89. Rf3 Rg2 90. Ra3 1/2-1/2

[Event "*** Titled Tuesday Blitz AM"]
[Site "Chess.com"]
[Date "2020.01.07"]
[Round "2"]
[White "j_coca"]
[Black "Megagigahiper3345"]
[Result "1-0"]
[WhiteElo "2162"]
[BlackElo "2439"]
[TimeControl "180+2"]
[EndTime "9:27:26 PST"]
[Termination "j_coca won by checkmate"]

1. f4 Nh6 2. Nf3 g6 3. e3 Bg7 4. d4 O-O 5. c3 d5 6. Bd3 Nd7 7. Nbd2 Nf6 8. O-O Nf5 9. Qe2 Nd6 10. e4 Nfxe4 11. Nxe4 Nxe4 12. Bxe4 dxe4 13. Qxe4 c6 14.
Ne5 Bf5 15. Qf3 f6 16. Ng4 Qd5 17. Qg3 Bxg4 18. Qxg4 Rae8 19. f5 g5 20. h4 h6 21.
hxg5 fxg5 22. Be3 e6 23. fxe6 Rxf1+ 24. Rxf1 Qxe6 25. Qxe6+ Rxe6 26. Kf2 Kf7 27. Ke2+ Ke7 28. Kd3 Bf6 29. g4 a6 30. b3 Rd6 31. Re1 Kd7 32. Rh1 Bg7 33. Rf1 Ke7 34. Re1 Kd7 35.
Rf1 Bf6 36. Rh1 Be7 37. c4 b5 38. Ke4 Re6+ 39. Kd3 Bf8 40. Rf1 Ke8 41. Rf5 Bg7 42.
d5 cxd5 43. cxd5 Re7 44. Bc5 Re1 45. a4 bxa4 46. bxa4 Ra1 47. Rf2 Rxa4 48. Re2+ Kd8 49. Re6 Rxg4 50. Rxa6 Ke8 51. Ra8+ Kf7 52. Ra7+ Kg6 53. d6 Rg3+ 54. Ke2 Bf6 55. d7 Rc3 56. Bb6 Rc2+ 57. Kd3 Rc3+ 58. Kd2 Rf3 59. d8=Q Bxd8 60. Bxd8 Rf8 61. Bb6 h5 62. Be3 Rd8+ 63. Ke1 Rd5 64. Kf2 Kf5 65. Rg7 g4 66. Rg5+ Ke4 67. Rg8 Ra5 68.
Re8+ Kf5 69. Kg3 Ra3 70. Kh4 Ra2 71. Rf8+ Ke4 72. Re8+ Kf3 73. Kxh5 g3 74. Bb6 Ra6 75. Rf8+ Kg2 76. Bd4 Ra5+ 77. Kg6 Kh1 78. Rh8+ Kg2 79. Kf6 Ra6+ 80. Ke5 Ra2 81. Ke4 Re2+ 82. Be3 Kf1 83. Rf8+ Kg2 84. Rg8 Re1 85. Kd3 Kf3 86. Rf8+ Kg2 87.
Kd2 Rh1 88. Ke2 Rh2 89. Rg8 Kh3+ 90. Kf3 Rh1 91. Rh8# 1-0

[Event "*** Titled Tuesday Blitz AM"]
[Site "Chess.com"]
[Date "2020.01.07"]
[Round "2"]
[White "GMCarbone"]
[Black "VincentBlom"]
[Result "1/2-1/2"]
[WhiteElo "2254"]
[BlackElo "2561"]
[TimeControl "180+2"]
[EndTime "9:27:46 PST"]
[Termination "Game drawn by 50-move rule"]

1. d4 Nf6 2. c4 e6 3. g3 d5 4. Nf3 dxc4 5. Bg2 Bd7 6. Ne5 Bc6 7. Nxc6 Nxc6 8. O-O Qd7 9. e3 h5 10. Nd2 e5 11.
dxe5 Nxe5 12. Bxb7 Rb8 13. Bg2 h4 14. Qc2 Qd3 15.
Qxd3 cxd3 16. b3 hxg3 17. hxg3 Bb4 18. Rd1 Bc3 19. Rb1 c5 20. Ba3 Bxd2 21. Rxd2 Nc4 22.
Bc6+ Kd8 23. Rxd3+ Kc7 24. Bxc5 Kxc6 25. Bxa7 Rb7 26.
Rc1 Rxa7 27. Rxc4+ Kb7 28. a4 Rc8 29. Rxc8 Kxc8 30.
Kg2 Rb7 31. f3 Nd7 32. Rc3+ Kd8 33. e4 Ke7 34. f4 Kd6 35. Kf3 Nc5 36. e5+ Kd5 37.
a5 Nxb3 38. a6 Nd4+ 39. Kg4 Ra7 40. Ra3 g6 41. Kg5 Ke6 42. Rd3 Nf5 43. g4 Ng7 44. Rd6+ Ke7 45. f5 gxf5 46. gxf5 Ne8 47. f6+ Kf8 48. Rc6 Rd7 49. e6 Rd5+ 50. Kf4 fxe6 51. Rxe6 Ra5 52. Rb6 Kf7 53. Rb7+ Kxf6 54. a7 Nd6 55.
Rb6 Ke6 56. Ke3 Rxa7 57. Rb8 Ra3+ 58. Kd4 Ra4+ 59. Kc3 Kd5 60. Rd8 Ra3+ 61. Kb4 Rh3 62. Rg8 Rh1 63. Rg5+ Kd4 64. Rg4+ Ne4 65. Kb5 Rc1 66. Kb6 Kd5 67. Rh4 Nc5 68. Rh5+ Kd6 69.
Rh6+ Ne6 70. Kb5 Rc5+ 71. Kb4 Re5 72. Kc3 Re3+ 73. Kd2 Ra3 74. Rg6 Kd5 75. Rh6 Nf4 76. Rh4 Ke4 77. Rh8 Kd4 78. Rd8+ Nd5 79. Ke2 Ra7 80.
Kf3 Rg7 81. Kf2 Ke4 82. Re8+ Ne7 83. Ra8 Rh7 84. Ra4+ Ke5 85. Ra5+ Nd5 86. Kf3 Rh3+ 87. Kg4 Rd3 88. Rb5 Ra3 89. Rb8 Nf6+ 90. Kg5 Rg3+ 91. Kh4 Rg1 92. Rb5+ Ke4 93. Rb4+ Kf5 94. Rb5+ Kf4 95.
Rb4+ Ne4 96. Kh5 Rg8 97. Kh6 Kf5 98. Rb5+ Ke6 99. Rb6+ Nd6 100. Kh5 Rg1 101. Kh4 Ke5 102. Ra6 Kf4 103. Ra4+ Ne4 104. Kh5 Kf5 105. Ra5+ Kf6 106. Ra6+ Ke5 1/2-1/2